Map: Lerilak Crest

Players

Dayshi - Winner!

  • Race: Terran Terran
  • League: Grandmaster

Elazer

  • Race: Zerg Zerg
  • League: Grandmaster

Event: 2016 WCS Winter Challenger Europe

VOD

Have the link to the VOD?

Description

Time

  • Played on: Feb. 13, 2016, 10:17 a.m.
  • Length: 10:38

All games in this series

Show
View Real Time Build Order
Export as new Build Order

Dayshi Terran - Winner!

Build Orders: Reaper Expand, Hellion Banshee, MMM Bio 

Get SALT Encoding   

  12  0:00  SCV  
  13  0:13  SCV  
  14  0:17  Supply Depot  
  14  0:25  SCV  
  15  0:39  SCV  
  15  0:41  Barracks  
  16  0:43  Refinery  
  16  0:51  SCV  
  17  1:03  SCV  
  18  1:15  SCV  
  19  1:27  Reaper  
  19  1:28  Orbital Command  
  20  1:41  Command Center  
  20  1:49  Supply Depot  
  20  1:54  SCV  
  21  1:59  Marine  
  22  2:06  SCV  
  23  2:09  Factory  
  23  2:14  Refinery  
  23  2:18  SCV  
  24  2:24  Barracks Reactor  
  24  2:34  SCV  
  25  2:46  SCV  
  26  2:54  Starport  
  26  2:55  Orbital Command  
  26  2:58  SCV  
  26  3:05  Hellion  
  29  3:07  Hellion  
  29  3:10  SCV, Barracks Tech Lab  
  32  3:21  SCV  
  32  3:22  SCV  
  36  3:27  Hellion  
  36  3:28  Hellion  
  36  3:29  Supply Depot  
  36  3:33  SCV  
  39  3:36  Barracks Tech Lab  
  39  3:37  Banshee  
  39  3:38  Cloaking Field  
  42  3:42  SCV  
  42  3:45  SCV  
  44  3:53  Hellion x2  
  48  3:57  Stimpack, Marine  
  49  4:04  Supply Depot, SCV x2  
  51  4:16  SCV x2  
  52  4:25  Banshee  
  52  4:28  SCV  
  52  4:29  SCV  
  52  4:31  Hellion x2  
  57  4:36  Marine  
  54  4:40  SCV  
  54  4:41  SCV  
  54  4:44  Barracks x2  
  56  4:59  SCV  
  57  5:06  Command Center  
  57  5:10  SCV  
  57  5:11  SCV  
  57  5:12  Banshee  
  62  5:17  Barracks  
  62  5:18  Supply Depot  
  62  5:20  Factory Reactor  
  62  5:21  Marauder  
  64  5:23  Bunker  
  64  5:25  Supply Depot  
  64  5:27  SCV  
  64  5:28  SCV  
  66  5:38  Barracks Reactor x2  
  66  5:39  Refinery  
  66  5:40  Refinery  
  66  5:44  SCV  
  66  5:45  SCV  
  66  5:49  Marauder  
  67  5:52  Engineering Bay x2  
  67  5:54  Supply Depot  
  67  6:02  SCV x2  
  69  6:06  Combat Shields, Marine x2  
  71  6:16  Marine x4  
  71  6:17  Marauder  
  77  6:24  Terran Infantry Weapons Level 1, Terran Infantry Armor Level 1  
  77  6:28  Orbital Command  
  77  6:29  Marine  
  78  6:34  Medivac  
  78  6:35  Medivac  
  78  6:36  SCV  
  78  6:38  Marauder, SCV  
  86  6:41  Marine x2  
  86  6:43  Marine x2  
  90  6:48  Siege Tank  
  90  6:49  SCV  
  90  6:52  Supply Depot  
  90  6:53  SCV  
  95  6:54  SCV  
  96  7:02  SCV  
  96  7:03  Marauder, Marine x2  
  96  7:04  Marine  
  96  7:05  SCV, Marine  
  96  7:08  SCV  
  105  7:10  Medivac  
  105  7:14  SCV  
  105  7:15  Medivac, Marine x2  
  111  7:19  SCV  
  113  7:22  Supply Depot  
  113  7:25  Armory  
  113  7:30  Marine x4  
  117  7:40  Supply Depot  
  117  7:42  Supply Depot, SCV x3  
  120  7:52  Marine  
  120  7:53  Marauder, Marine x5  
  120  7:54  Siege Tank, SCV  
  120  7:55  Concussive Shells  
  132  8:01  Medivac x2  
  132  8:02  SCV x2  
  132  8:03  Supply Depot  
  132  8:05  Supply Depot  
  138  8:06  Refinery, SCV  
  139  8:13  Marine  
  139  8:14  Marine x5  
  145  8:21  Barracks, Marine  
  146  8:30  Siege Tank  
  146  8:31  Medivac, Marine x3  
  146  8:32  Marine x3  
  147  8:44  Medivac  
  126  8:49  Marine x4  
  126  8:53  Command Center  
  128  8:59  Marine x2  
  128  9:00  Marauder  
  132  9:07  Marine x2  
  132  9:08  Barracks  
  132  9:09  Barracks  
  134  9:10  Barracks Tech Lab, Marine  
  134  9:11  Marine  
  134  9:13  Medivac  
  134  9:15  Medivac  
  140  9:17  Marine  
  140  9:21  Marauder  
  139  9:26  Marine x3  
  129  9:32  Marine  
  129  9:33  Marauder, Marine  
  129  9:35  Siege Tank, Marine  
  128  9:42  Marauder  
  128  9:43  Refinery, SCV x2  
  128  9:44  SCV, Marine x3  
  136  9:50  Marine x2  
  138  9:52  Marine  
  138  9:54  Marauder  
  141  10:02  Marine x3  
  141  10:04  Marauder, Barracks Tech Lab  
  141  10:05  Barracks Tech Lab  
  145  10:08  Marine x2  
  138  10:16  Marauder  
Show
View Real Time Build Order
Export as new Build Order

Elazer Zerg 

Build Orders: Hatch First 

Get SALT Encoding   

  12  0:00  Drone  
  13  0:12  Overlord  
  13  0:16  Drone  
  14  0:30  Drone x2  
  14  0:34  Drone  
  17  0:52  Hatchery  
  17  0:53  Drone  
  17  0:57  Drone  
  18  1:07  Extractor  
  17  1:12  Spawning Pool  
  17  1:15  Drone  
  17  1:17  Drone  
  18  1:27  Drone  
  19  1:38  Overlord  
  19  1:59  Zergling x2, Queen  
  19  2:00  Zergling x2  
  23  2:03  Queen  
  23  2:04  Drone  
  23  2:07  Metabolic Boost  
  26  2:12  Drone  
  26  2:14  Drone  
  28  2:21  Extractor  
  27  2:26  Drone x2  
  29  2:39  Queen  
  30  2:45  Drone  
  30  2:48  Overlord  
  30  2:49  Drone x2  
  33  2:56  Drone  
  34  3:02  Drone  
  35  3:12  Drone x2  
  37  3:14  Drone  
  37  3:15  Drone  
  37  3:16  Drone  
  37  3:17  Queen  
  42  3:25  Drone  
  43  3:29  Overlord  
  43  3:30  Zergling x2  
  43  3:32  Hatchery  
  43  3:35  Drone  
  43  3:37  Extractor  
  43  3:39  Drone, Roach Warren  
  43  3:40  Drone  
  44  3:50  Zergling x2  
  44  3:51  Drone x3  
  44  3:52  Drone  
  44  3:54  Drone  
  51  3:59  Queen  
  51  4:00  Overlord  
  52  4:03  Spore Crawler  
  51  4:16  Drone x2  
  51  4:23  Drone x2  
  50  4:24  Drone x2  
  50  4:30  Drone x5  
  46  4:34  Drone  
  47  4:41  Drone  
  47  4:44  Drone  
  49  4:49  Overlord  
  49  4:52  Drone  
  50  4:55  Roach x2  
  50  4:59  Lair  
  53  5:01  Spore Crawler  
  53  5:04  Drone x4  
  52  5:15  Drone x5  
  52  5:17  Zergling x2  
  58  5:21  Overlord  
  58  5:22  Drone, Spore Crawler  
  56  5:30  Drone x2  
  56  5:32  Drone, Spore Crawler  
  57  5:38  Drone  
  57  5:39  Drone  
  59  5:43  Drone  
  59  5:44  Drone  
  59  5:47  Drone x2  
  59  5:48  Extractor  
  60  5:55  Drone, Evolution Chamber x2  
  60  5:56  Drone x2  
  60  5:57  Glial Reconstitution  
  61  5:58  Drone  
  61  5:59  Drone  
  61  6:02  Drone x2  
  65  6:07  Overlord  
  65  6:13  Overseer  
  65  6:16  Drone x5  
  70  6:19  Drone x2  
  70  6:20  Drone  
  70  6:22  Drone x2  
  75  6:29  Zerg Ground Armor Level 1, Zerg Missile Weapons Level 1  
  75  6:38  Extractor  
  75  6:39  Roach x5  
  84  6:40  Ravager x2  
  84  6:42  Overlord  
  84  6:46  Roach x2  
  90  6:51  Overlord x2  
  90  7:01  Extractor  
  89  7:03  Drone x2  
  89  7:04  Drone x3  
  89  7:05  Overlord x2  
  95  7:08  Drone x2  
  95  7:09  Extractor, Infestation Pit  
  95  7:11  Drone x3  
  97  7:22  Overlord x2  
  97  7:23  Roach  
  97  7:24  Roach x3  
  104  7:35  Roach x7  
  118  7:39  Drone  
  118  7:43  Overlord x2  
  119  7:58  Infestor  
  119  7:59  Infestor x2  
  119  8:02  Overlord  
  119  8:03  Roach  
  119  8:04  Roach x2  
  133  8:09  Ravager  
  133  8:10  Ravager x2  
  136  8:14  Roach  
  136  8:15  Roach x2  
  136  8:16  Roach  
  136  8:19  Roach  
  148  8:20  Roach x5  
  148  8:26  Hatchery  
  151  8:28  Roach x3  
  139  8:44  Roach  
  139  8:45  Roach x5  
  143  8:51  Roach x3  
  143  8:53  Ravager x3  
  152  8:56  Extractor  
  152  8:59  Roach  
  152  9:01  Overlord x3  
  153  9:17  Roach  
  125  9:31  Roach  
  125  9:32  Roach x11  
  125  9:36  Roach x2  
  125  9:37  Roach x3  
  159  9:41  Ravager x2  
  161  9:48  Roach x3  
  161  9:49  Ravager  
  168  9:54  Ravager  
  168  9:59  Roach  
  173  10:00  Roach x2  
  148  10:16  Roach  
  148  10:17  Roach x8  
Tags
 
Add a new tag
Caveats
  • Supply blocks, unpowered buildings, or Contaminate may cause inaccurate times.
  • Supply counts are checked every 10 seconds.